 Dungeon Crawl Stone Soup version 0.26-a0-1181-gd376ed14c5 (webtiles) character file.

Game seed: 4386860150014523719

40090 Dirian the Fencer (level 13, -30/124 HPs)
             Began as a Minotaur Fighter on Dec 25, 2020.
             Was an Elder of Ru.
             Annihilated by Rupert
             ... wielding a +5 executioner's axe of electrocution
              (37 damage)
             ... on level 3 of the Lair of Beasts.
             The game lasted 00:44:35 (16583 turns).

Dirian the Fencer (Minotaur Fighter)               Turns: 16583, Time: 00:44:35

Health: -30/124    AC: 31    Str: 25    XL:     13   Next: 72%
Magic:  12/12      EV:  5    Int:  5    God:    Ru [****..]
Gold:   1318       SH: 16    Dex: 13    Spells: 12/12 levels left

rFire    + . .     SeeInvis +   j - +4 scimitar
rCold    + . .     Faith    .   v - +2 kite shield
rNeg     + . .     Spirit   .   B - +7 gold dragon scales of the Valley {+Fly rPois rF+ rC+ rN+ Dex+2}
rPois    +         Reflect  .   i - +1 hat
rElec    .         Harm     .   C - +0 cloak
rCorr    +         Rampage  .   m - +0 pair of gloves
Will     .....                  l - +0 pair of boots
Stlth    ..........             e - amulet of regeneration
HPRegen  0.70/turn              k - ring of see invisible
MPRegen  0.13/turn              p - ring of resist corrosion

@: hasted, very quick
A: retaliatory headbutt, horns 2, inability to use devices, hated by all, no ice
magic, no necromancy magic, no transmutations magic
a: Renounce Religion, Draw Out Power, Power Leap


You were on level 3 of the Lair of Beasts.
You worshipped Ru.
Ru was greatly pleased with you.
You visited 3 branches of the dungeon, and saw 16 of its levels.
You also visited: Ossuary and Ice Cave.

You collected 1985 gold pieces.
You spent 667 gold pieces at shops.

Inventory:

Hand Weapons
 a - a +1 long sword of freezing
 j - a +4 scimitar (weapon)
 E - the +0 quick blade "Nymalom" {flame, *Noise Dex+5}
   (You took it off a spriggan berserker on level 2 of the Lair of Beasts)

   It has been specially enchanted to burn those struck by it, causing extra
   injury to most foes and up to half again as much damage against particularly
   susceptible opponents.
   It affects your dexterity (+5).
   It may make noises in combat.
Armour
 i - a +1 hat (worn)
 l - a +0 pair of boots (worn)
 m - a +0 pair of gloves (worn)
 v - a +2 kite shield (worn)
 B - the +7 gold dragon scales of the Valley (worn) {+Fly rPois rF+ rC+ rN+ Dex+2}
   (You found it in an ice cave)

   It affects your dexterity (+2).
   It protects you from fire.
   It protects you from cold.
   It protects you from poison.
   It protects you from negative energy.
   It lets you fly.
 C - a +0 cloak (worn)
Jewellery
 e - an amulet of regeneration (around neck)
 k - a ring of see invisible (left hand)
 p - a ring of resist corrosion (right hand)
 s - an uncursed amulet of reflection
Scrolls
 b - 2 scrolls of enchant weapon
 g - 5 scrolls of fog
 o - a scroll of immolation
 r - 3 scrolls of identify
 t - 6 scrolls of teleportation
 u - 2 scrolls of magic mapping
 x - 12 scrolls of remove curse
 z - a scroll of blinking
 D - a scroll of enchant armour
Potions
 c - a potion of ambrosia
 d - a potion of might
 f - 3 potions of mutation
 h - 2 potions of haste
 n - a potion of resistance
 q - a potion of curing
 w - 3 potions of heal wounds
 A - a potion of berserk rage
 G - 2 potions of invisibility


   Skills:
 * Level 14.1 Fighting
 + Level 15.7 Long Blades
 + Level 12.1 Armour
 - Level 0.7 Dodging
 + Level 14.6 Shields


You had 12 spell levels left.
You didn't know any spells.
Your spell library was empty.

Dungeon Overview and Level Annotations

Branches:
Dungeon (11/15)            Temple (0/1) D:4            Lair (3/6) D:10
  Snake (0/4) Lair:3          Orc (2/2) D:10            Elf (0/3) Orc:2
Ossuary (visited)           IceCv (visited)
  Swamp: Lair:2-4    Shoals: Lair:2-4

Altars:
Ashenzari
Cheibriados
Dithmenos
Hepliaklqana
Makhleb
Qazlal
Ru
Sif Muna
Trog
Uskayaw
Yredelemnul
Zin
Beogh

Shops:
D:8 (   Orc:2 [=[[

Portals:
Trove: D:10 (give +3 gold dragon scales)

Annotations:
D:11 2 runed translucent doors, emiel's ghost, journeyman GrWn
Lair:3 Rupert


Innate Abilities, Weirdness & Mutations

You reflexively headbutt those who attack you in melee.
You have a pair of horns on your head.
You cannot study or use magical devices.
You are hated by all.
You cannot study or cast Ice magic.
You cannot study or cast Necromancy magic.
You cannot study or cast Transmutations magic.


Message History

The cane toad croaks.
Your headbutt misses Rupert.
Rupert is severely wounded.
Rupert hits you with a +5 executioner's axe of electrocution!!!
* * * LOW HITPOINT WARNING * * *
You hit Rupert but do no damage. You headbutt Rupert, but do no damage.
Rupert is severely wounded.
You block Rupert's attack.
You feel yourself speed up.
Rupert hits you with a +5 executioner's axe of electrocution!
* * * LOW HITPOINT WARNING * * *
You slash Rupert! Your headbutt misses Rupert.
Rupert is severely wounded.
You block the cane toad's attack.
You slash Rupert! You headbutt Rupert.
Rupert is severely wounded.
You completely miss Rupert. Your headbutt misses Rupert.
Rupert is severely wounded.
Rupert hits you with a +5 executioner's axe of electrocution!!!
You die...

........# ....
.......... ....
.........# .....
.........# #..... #
.........##....# #
...............#≈≈≈≈
.>......$......#...##
.......@F.......[...#
.......@..P#.###...#
...........#####P..## #
...........#.P.#....####
...................#.##.
........>...............
##.#.#.#................
#######...#.P##P......#
#....######...### #...P
#...##


You could see Rupert (berserk) and a cane toad (blind).

Vanquished Creatures
  The ghost of SamuraiZach the Grappler, a journeyman TrFi of Cheibriados (Orc:1)
  The ghost of skk the Knight, a journeyman DsFi of Okawaru (Orc:1)
  The ghost of Ymada the Zephyrmancer, a journeyman TeAE of Cheibriados (Lair:2)
  A boulder beetle (Lair:3)
  A hydra (D:11)
  4 two-headed ogres
  A spriggan berserker (Lair:2)
  5 orc high priests (Orc:2)
  Nergalle (Lair:3)
  An unseen horror (D:11)
  A necromancer (IceCv)
  An orc sorcerer (Orc:2)
  8 orc knights
  A cyclops (D:11)
  A moth of wrath (Lair:2)
  6 cane toads
  2 ice statues (IceCv)
  A kobold demonologist (D:11)
  2 rime drakes
  3 ice devils (IceCv)
  2 komodo dragons
  2 trolls
  A polar bear (Lair:2)
  3 hornets
  Prince Ribbit (D:8)
  5 dream sheep (Lair:3)
  9 blink frogs
  5 spriggans (Lair:2)
  Sigmund (D:5)
  3 wyverns
  A vampire (D:9)
  13 yaks
  5 nagas (Lair:3)
  A warg (Orc:2)
  9 water moccasins
  40 orc warriors
  4 phantoms
  3 sky beasts
  An ice beast (D:11)
  11 ogres
  2 hornet zombies (D:11)
  5 wolves (Lair:2)
  5 centaurs
  2 big kobolds
  8 bullfrogs
  2 wyvern skeletons
  A scorpion (D:5)
  11 killer bees (D:7)
  3 howler monkeys
  9 wights
  3 centaur zombies
  3 bullfrog zombies
  2 draconian simulacra (IceCv)
  A quasit (D:7)
  Crazy Yiuf (D:6)
  9 hounds
  24 orc priests
  21 orc wizards
  A bullfrog skeleton (D:7)
  An iguana (D:8)
  2 spriggan simulacra (IceCv)
  5 worker ants
  3 troll simulacra (IceCv)
  2 big kobold zombies (Ossuary)
  A centaur simulacrum (IceCv)
  2 hound zombies
  2 mummies (Ossuary)
  3 worker ant zombies
  4 gnolls
  A howler monkey skeleton (D:5)
  A naga simulacrum (IceCv)
  14 adders
  An ogre simulacrum (IceCv)
  3 shadow imps
  A white imp (D:7)
  5 adder skeletons
  2 worms (D:2)
  3 dart slugs
  9 leopard geckos
  88 orcs
  2 ball pythons
  8 giant cockroaches
  5 gnoll zombies (Ossuary)
  6 goblins
  7 hobgoblins
  A jackal (D:1)
  4 quokkas
  6 bats
  4 frilled lizards (D:1)
  2 goblin zombies (Ossuary)
  A hobgoblin zombie (Ossuary)
  19 kobolds
  A leopard gecko skeleton (D:4)
  2 orc zombies (Ossuary)
  3 rats (D:1)
500 creatures vanquished.

Vanquished Creatures (others)
  A hydra (Lair:1)
  A black bear (D:11)
  A centaur (D:8)
  An orc priest (Orc:2)
  An orc wizard (D:7)
  4 orcs
  2 kobolds
  15 fungi
  18 plants
44 creatures vanquished.

Grand Total: 544 creatures vanquished

Notes
Turn   | Place    | Note
-------+----------+-------------------------------------------
     0 | D:1      | Dirian the Minotaur Fighter began the quest for the Orb.
     0 | D:1      | Reached XP level 1. HP: 19/19 MP: 0/0
   223 | D:1      | Reached XP level 2. HP: 27/27 MP: 1/1
   838 | D:1      | Found a basalt altar of Yredelemnul.
   898 | D:2      | Found a faded altar of an unknown god.
   908 | D:2      | Reached skill level 3 in Long Blades
   911 | D:2      | Became a worshipper of Ru the Awakened
   912 | D:2      | Gained mutation: You cannot study or use magical devices.
                  | [Ru sacrifice]
   912 | D:2      | Reached * piety under Ru
   912 | D:2      | Reached ** piety under Ru
  1050 | D:2      | Reached XP level 3. HP: 33/33 MP: 2/2
  2315 | D:3      | Reached XP level 4. HP: 36/40 MP: 3/3
  2366 | D:3      | Found a shadowy altar of Dithmenos.
  2892 | D:2      | Found a shadowy altar of Dithmenos.
  3050 | D:4      | Reached skill level 4 in Long Blades
  3051 | D:4      | Reached XP level 5. HP: 45/47 MP: 4/4
  3085 | D:4      | Found a hazy altar of Hepliaklqana.
  3224 | D:4      | Found a sand-covered staircase.
  3231 | Ossuary  | Entered an ossuary
  3244 | Ossuary  | Reached skill level 5 in Armour
  3251 | Ossuary  | Reached skill level 5 in Long Blades
  3258 | Ossuary  | Reached XP level 6. HP: 33/53 MP: 5/5
  3401 | Ossuary  | Reached skill level 5 in Shields
  3505 | D:4      | Found a staircase to the Ecumenical Temple.
  3696 | D:4      | Found a snail-covered altar of Cheibriados.
  3732 | D:5      | Entered Level 5 of the Dungeon
  4054 | D:5      | Reached skill level 6 in Long Blades
  4192 | D:5      | Reached XP level 7. HP: 58/60 MP: 6/6
  4322 | D:5      | Found a hide-covered altar of Uskayaw.
  4432 | D:5      | Noticed Sigmund
  4438 | D:5      | Killed Sigmund
  4439 | D:5      | Reached skill level 5 in Fighting
  4439 | D:5      | Reached skill level 7 in Long Blades
  4837 | D:6      | Reached XP level 8. HP: 63/69 MP: 7/7
  4854 | D:6      | Reached skill level 8 in Long Blades
  4948 | D:6      | Found a bloodstained altar of Trog.
  5147 | D:6      | Found a runed translucent door.
  5148 | D:6      | Noticed Crazy Yiuf
  5771 | D:6      | Killed Crazy Yiuf
  5958 | D:7      | Reached skill level 9 in Long Blades
  6307 | D:7      | Identified the +2 robe "Ycimm" {+Blink +Fly}
  6329 | D:7      | Reached XP level 9. HP: 78/78 MP: 6/8
  6392 | D:7      | Reached skill level 10 in Long Blades
  6816 | D:7      | Found a shimmering blue altar of Sif Muna.
  6849 | D:7      | Found a broken altar of Ashenzari.
  7271 | D:8      | Noticed Prince Ribbit
  7299 | D:8      | Killed Prince Ribbit
  7300 | D:8      | Reached skill level 11 in Long Blades
  7509 | D:8      | Found Usmyab's Weapon Shop.
  7723 | D:8      | Reached XP level 10. HP: 82/88 MP: 7/9
  7800 | D:8      | Found a burning altar of Makhleb.
  8224 | D:8      | Got a pitted ring mail
  8265 | D:8      | Gained mutation: You are hated by all. [Ru sacrifice]
  8265 | D:8      | Reached *** piety under Ru
  8364 | D:8      | Identified the +1 ring mail the Green Heron {*Corrode rPois
                  | Str+6 Int-4} (You found it on level 8 of the Dungeon)
  8523 | D:9      | Reached skill level 12 in Long Blades
  8619 | D:9      | Found a glowing silver altar of Zin.
  8619 | D:9      | Noticed an angel
  8841 | D:9      | Noticed a two-headed ogre
  8855 | D:9      | Killed a two-headed ogre
  8856 | D:9      | Reached skill level 10 in Shields
  8903 | D:9      | Found a sacrificial altar of Ru.
  9334 | D:10     | Entered Level 10 of the Dungeon
  9357 | D:10     | Found a staircase to the Lair.
  9534 | D:10     | Found a portal to a secret trove of treasure.
  9572 | D:10     | Noticed a two-headed ogre
  9578 | D:10     | Killed a two-headed ogre
  9579 | D:10     | Reached skill level 13 in Long Blades
  9579 | D:10     | Reached XP level 11. HP: 74/95 MP: 10/10
  9677 | D:10     | Found a stormy altar of Qazlal.
  9897 | D:10     | Found a staircase to the Orcish Mines.
 10169 | D:11     | Noticed a five-headed hydra
 10384 | D:11     | Found a large runed translucent door.
 10384 | D:11     | Found a large runed translucent door.
 10421 | D:11     | Noticed an unseen horror
 10470 | D:11     | Killed an unseen horror
 10530 | D:11     | Noticed a two-headed ogre
 10540 | D:11     | Killed a two-headed ogre
 10755 | Orc:1    | Entered Level 1 of the Orcish Mines
 10756 | Orc:1    | Noticed a two-headed ogre
 10765 | Orc:1    | Killed a two-headed ogre
 10779 | Orc:1    | Found a frozen archway.
 10800 | IceCv    | Entered an ice cave
 10841 | IceCv    | Reached skill level 10 in Armour
 10992 | IceCv    | Noticed a necromancer
 10997 | IceCv    | Killed a necromancer
 10998 | IceCv    | Reached skill level 14 in Long Blades
 10999 | IceCv    | Got warped gold dragon scales
 11176 | IceCv    | Identified the +7 gold dragon scales of the Valley {+Fly
                  | rPois rF+ rC+ rN+ Dex+2} (You found it in an ice cave)
 11228 | IceCv    | Reached skill level 10 in Fighting
 11385 | Orc:2    | Entered Level 2 of the Orcish Mines
 11385 | Orc:2    | Noticed an orc knight
 11385 | Orc:2    | Noticed an orc sorcerer
 11414 | Orc:1    | Killed an orc knight
 11526 | Orc:2    | Noticed a soul eater
 11585 | Orc:2    | Killed an orc sorcerer
 11746 | Orc:1    | Reached XP level 12. HP: 107/107 MP: 11/11
 11841 | Orc:1    | Found a runed translucent gate.
 11841 | Orc:1    | Found a runed translucent gate.
 11841 | Orc:1    | Found a runed translucent gate.
 11841 | Orc:1    | Noticed SamuraiZach's ghost (journeyman TrFi)
 11842 | Orc:1    | Noticed skk's ghost (journeyman DsFi)
 11896 | Orc:1    | Found a burning altar of Makhleb.
 12018 | Orc:1    | Killed skk's ghost
 12030 | Orc:1    | Killed SamuraiZach's ghost
 12526 | Orc:2    | Noticed an orc high priest
 12535 | Orc:2    | Killed an orc high priest
 12785 | Orc:2    | Found a staircase to the Elven Halls.
 12873 | Orc:2    | Found a roughly hewn altar of Beogh.
 12883 | Orc:2    | Reached skill level 15 in Long Blades
 12934 | Orc:2    | Noticed an orc high priest
 12935 | Orc:2    | Noticed an orc high priest
 13008 | Orc:2    | Killed an orc high priest
 13132 | Orc:2    | Killed an orc high priest
 13157 | Orc:2    | Noticed an orc high priest
 13276 | Orc:2    | Killed an orc high priest
 13452 | Orc:2    | Noticed an orc high priest
 13466 | Orc:2    | Killed an orc high priest
 13537 | Orc:2    | Found Xeafad's Antique Armour Boutique.
 13537 | Orc:2    | Found Otrakhui's Jewellery Boutique.
 13538 | Orc:2    | Found Fedid's Armour Shop.
 13538 | Orc:2    | Found Poasagua's Antique Armour Boutique.
 13810 | Orc:2    | Bought an uncursed ring of see invisible for 150 gold
                  | pieces
 13810 | Orc:2    | Bought an uncursed amulet of reflection for 300 gold pieces
 13815 | Orc:2    | Bought a runed kite shield for 217 gold pieces
 14006 | D:11     | Noticed emiel's ghost (journeyman GrWn)
 14048 | D:11     | Killed a five-headed hydra
 14049 | D:11     | Reached XP level 13. HP: 113/119 MP: 12/12
 14361 | Lair:1   | Entered Level 1 of the Lair of Beasts
 14535 | Lair:1   | Gained mutation: You cannot study or cast Ice magic. [Ru
                  | sacrifice]
 14535 | Lair:1   | Gained mutation: You cannot study or cast Transmutations
                  | magic. [Ru sacrifice]
 14535 | Lair:1   | Gained mutation: You cannot study or cast Necromancy magic.
                  | [Ru sacrifice]
 14535 | Lair:1   | Reached **** piety under Ru
 15247 | Lair:2   | Found a transporter.
 15256 | Lair:2   | Identified the cursed +0 spear of Integrity {antimagic, rC+
                  | Dex+6 SInv}
 15263 | Lair:2   | Found a transporter.
 15264 | Lair:2   | Identified the cursed +0 quick blade "Nymalom" {flame,
                  | *Noise Dex+5}
 15272 | Lair:2   | Noticed Ymada's ghost (journeyman TeAE)
 15274 | Lair:2   | Found a bloodstained altar of Trog.
 16020 | Lair:2   | HP: 6/122 [Ymada's ghost (10)]
 16028 | Lair:2   | Killed Ymada's ghost
 16367 | Lair:3   | Found a staircase to the Snake Pit.
 16428 | Lair:3   | Noticed Nergalle
 16437 | Lair:3   | Killed Nergalle
 16560 | Lair:3   | Noticed Rupert
 16580 | Lair:3   | HP: 6/124 [Rupert/+5 executioner's axe of electrocution
                  | (12)]
 16583 | Lair:3   | Annihilated by Rupert

Illustrated notes

Levels and vault maps discovered:
D:1:      dpeg_arrival_lava_altar, layout_basic, serial_bayou_pond_d,
          minmay_hexomino_p4
D:2:      lemuel_upstairs_altar, layout_basic,
          chequers_ecumenical_altar_simple_redux
D:3:      layout_loops_corners, grunt_dithmenos_smoke
D:4:      layout_rooms, marbit_many_paths, cheibriados_altar_1,
          minmay_temple_entry_tees, nicolae_ossuary_entry_monument
D:5:      layout_loops_ring, nicolae_overflow_hidden_temple,
          corexii_checkpoint_a, mumra_transporter_accident,
          minmay_fractal_squares_gapless_5, uniq_sigmund
D:6:      layout_basic, bloody_trog, uniq_crazy_yiuf_cottage
D:7:      layout_rooms, lemuel_crystal_altar, palyth_stone_intersect,
          led_sif_book
D:8:      layout_basic, makhleb_grotto_becter, serial_shops, shop,
          uniq_prince_ribbit1
D:9:      layout_long_grid, zin_angel, lemuel_crystal_altar
D:10:     layout_basic, lair_entry_dummy, orc_0_dummy,
          nicolae_trove_entry_crystal, grunt_qazlal_clouds
D:11:     kennysheep_blocky_room, layout_basic, ebering_ghost_disaster_area
Lair:1:   layout_cave_pods, st_stairs_11, minivault_26
Lair:2:   layout_loops_ring, gammafunk_ghost_wrathful_warriors
Lair:3:   layout_small_grid, minmay_snake_entry_guardpost_large, serial_rivers,
          chequers_serial_rivers_micro_b, chequers_serial_rivers_micro_d,
          chequers_serial_rivers_room_b, chequers_serial_rivers_micro_b,
          chequers_serial_rivers_micro_e, chequers_serial_rivers_large_b,
          uniq_rupert, uniq_nergalle
Orc:1:    layout_caves, basic_altar, portal_ice_cave_entry_pillars_2,
          gammafunk_ghost_cemetery
Orc:2:    st_orc_pillars, layout_diamond_mine, basic_altar, special_room

Skill      XL: |  1  2  3  4  5  6  7  8  9 10 11 12 13 |
---------------+----------------------------------------+-----
Fighting       | 4 5 6 7 8 10 12 14 | 14.1
Shields        | 4 5 6 7 9 10 12 13 14 | 14.6
Long Blades    | 3 4 5 6 7 9 11 13 14 15 | 15.7
Armour         | 4 5 6 7 8 9 10 11 12 | 12.1
Dodging        | |  0.7

Action                   |  1- 3 |  4- 6 |  7- 9 | 10-12 | 13-15 || total
-------------------------+-------+-------+-------+-------+-------++-------
Melee: Long sword        |    87 |   158 |   341 |   192 |       ||   778
       Headbutt          |    12 |    21 |    73 |   236 |    78 ||   420
       Scimitar          |       |       |       |   734 |   326 ||  1060
       Dagger            |       |       |       |     8 |       ||     8
Invok: Sacrifice Artific |     1 |       |       |       |       ||     1
       Reject Sacrifices |       |     1 |       |     1 |     1 ||     3
       Sacrifice Love    |       |       |       |     1 |       ||     1
       Draw Out Power    |       |       |       |       |     1 ||     1
       Sacrifice Arcana  |       |       |       |       |     1 ||     1
  Use: Scroll            |       |    10 |     3 |    12 |     3 ||    28
       Potion            |       |       |     2 |     4 |     5 ||    11
 Stab: Invisible         |       |     1 |     5 |     5 |     1 ||    12
       Distracted        |       |       |       |     2 |     1 ||     3
Armor: Scale mail        |    28 |    12 |       |       |       ||    40
       Chain mail        |       |    44 |   167 |   118 |       ||   329
       Gold dragon scale |       |       |       |   203 |   131 ||   334
Dodge: Dodged            |    15 |    43 |    74 |   142 |    17 ||   291
Block: Kite shield       |    43 |    83 |   194 |   482 |   172 ||   974
       Rpst.: Long sword |     2 |    15 |    17 |    14 |       ||    48
       Scimitar          |       |       |       |    22 |     5 ||    27

Table legend: (Time is in decaauts)
 A = Elapsed time spent in this place.
 B = Non-inter-level travel time spent in this place.
 C = Inter-level travel time spent in this place.
 D = Time resting spent in this place.
 E = Time spent auto-exploring this place.
 F = Levels seen in this place.
 G = Mean time per level.
                   A        B        C        D        E       F      G
               +--------+--------+--------+--------+--------+-----+--------+
         Total |  16333 |  15395 |    938 |    387 |  11620 |  18 |  907.4 |
       Dungeon |  10932 |  10320 |    612 |     28 |   8382 |  11 |  993.8 |
          Lair |   2137 |   2038 |     99 |      0 |   1655 |   3 |  712.3 |
  Orcish Mines |   2570 |   2344 |    226 |    359 |   1143 |   2 | 1285.0 |
       Ossuary |    270 |    270 |      0 |      0 |    184 |   1 |  270.0 |
      Ice Cave |    423 |    423 |      0 |      0 |    256 |   1 |  423.0 |
               +--------+--------+--------+--------+--------+-----+--------+

Top non-repeatable levels by time:
   Orc:2: 1437 daAuts
     D:8: 1353 daAuts
     D:6: 1217 daAuts
   Orc:1: 1132 daAuts
     D:3: 1110 daAuts
  Lair:2: 1069 daAuts
     D:7: 1061 daAuts
     D:5: 1012 daAuts
    D:11: 998 daAuts
     D:2: 998 daAuts
     D:9: 923 daAuts
     D:1: 890 daAuts
    D:10: 844 daAuts
  Lair:1: 776 daAuts
     D:4: 522 daAuts
